 Dungeon Crawl Stone Soup version 0.31.0-12-g77e489cdc1 (webtiles) character file.

Game seed: 7509099777798469538

53 Marvel the Covered (level 3, 0/33 HPs)
             Began as a Hill Orc Fighter on Feb 16, 2024.
             Slain by a gnoll
             ... wielding a +0 flail
              (6 damage)
             ... on level 2 of the Dungeon.
             The game lasted 00:00:50 (596 turns).

Marvel the Covered (Hill Orc Fighter)                Turns: 596, Time: 00:00:51

Health: 0/33       AC:  8    Str: 20    XL:     3   Next: 87%
Magic:  3/3        EV:  9    Int:  8    God:
Gold:   21         SH:  4    Dex: 10    Spells: 2/2 levels left

rFire   . . .        a - +0 war axe
rCold   . . .        c - +0 buckler
rNeg    . . .        b - +0 scale mail
rPois   .            g - +0 helmet
rElec   .            (no cloak)
rCorr   .            (no gloves)
SInv    .            (no boots)
Will    .....        (no amulet) Stlth
                     (no ring)
HPRegen 0.25/turn    (no ring)
MPRegen 0.08/turn

%: no passive effects
@: no status effects
A: no striking features
a: no special abilities


You were on level 2 of the Dungeon.
You visited 1 branch of the dungeon, and saw 2 of its levels.

You collected 21 gold pieces.

Inventory:

Hand Weapons
 a - a +0 war axe (weapon)
Missiles
 f - 20 stones (quivered)
 h - 4 poisoned darts
Armour
 b - a +0 scale mail (worn)
 c - a +0 buckler (worn)
 g - a +0 helmet (worn)
Jewellery
 e - an amulet of magic regeneration
Potions
 d - a potion of might


   Skills:
 + Level 3.9 Fighting
 + Level 4.0 Axes
 + Level 4.1 Armour
 + Level 3.4 Shields


You had 2 spell levels left.
You didn't know any spells.
Your spell library was empty.

Dungeon Overview and Level Annotations

Branches:
Dungeon (1/15)

Altars:


Message History

You are too injured to fight recklessly!
You are too injured to fight recklessly!
You are too injured to fight recklessly!
You are too injured to fight recklessly!
You are too injured to fight recklessly!
You are too injured to fight recklessly!
You are too injured to fight recklessly!
You are too injured to fight recklessly!
You are too injured to fight recklessly!
You are too injured to fight recklessly!
You are too injured to fight recklessly!
You are too injured to fight recklessly!
You are too injured to fight recklessly!
You are too injured to fight recklessly!
You are too injured to fight recklessly!
You are too injured to fight recklessly!
You are too injured to fight recklessly!
You are too injured to fight recklessly!
You closely miss the gnoll. The gnoll closely misses you.
You hit the gnoll.
The gnoll is lightly wounded.
The gnoll hits you with a +0 flail!
You barely miss the gnoll.
The gnoll is lightly wounded.
You hit the endoplasm. The gnoll hits you but does no damage.
The endoplasm barely misses you. The endoplasm freezes you.
You are frozen.
You slash the ribbon worm!
The ribbon worm is heavily wounded.
You hit the endoplasm but do no damage. You slash the gnoll!
The gnoll is almost dead.
You hit the ribbon worm. The ribbon worm barely misses you.
You closely miss the gnoll.
The gnoll is almost dead.
You hit the ribbon worm. The gnoll hits you with a +0 flail!
* * * LOW HITPOINT WARNING * * *
The ribbon worm completely misses you. The gnoll hits you with a +0 flail.
You die...

.#####.#...# #.# ...#
....##.#.#.# #.# ...#
###.##.#.#.# #†##.$.#
#.##.#.#.# #.#... #
#.#..#.#.#####.#.#..#
#.##.#.#........)...#
#....#.#.#####.#....#
#...........##.#.....#
#.##.....##...@#.....#
#.##.........gw####..#
#.##.....##...J. ..#
#.####'#.##.##'## .#
#.# #.#.##. ... # #..
..#.## ... ###.# ...
#....


You could see a ribbon worm, a gnoll and an endoplasm.

Vanquished Creatures
  3 gnolls
  A dart slug (D:1)
  A bat (D:1)
  An endoplasm (D:1)
  4 goblins (D:1)
  2 hobgoblins (D:1)
  A kobold (D:1)
  A quokka (D:1)
  5 ball pythons (D:1)
  2 frilled lizards
  3 rats (D:1)
24 creatures vanquished.

Notes
Turn   | Place    | Note
-------+----------+-------------------------------------------
     0 | D:1      | Marvel the Hill Orc Fighter began the quest for the Orb.
     0 | D:1      | Reached XP level 1. HP: 19/19 MP: 1/1
    70 | D:1      | Reached XP level 2. HP: 27/27 MP: 2/2
   210 | D:1      | Reached XP level 3. HP: 26/33 MP: 3/3
   456 | D:1      | You fall into a shaft and drop 1 floor!
   596 | D:2      | Slain by a gnoll

Illustrated notes

Levels and vault maps discovered:
D:1:      spicycebolla_green_bress_n_ham_2, layout_basic
D:2:      layout_basic, ebering_ecumenical_altar_box, hangedman_decor_riveting

Skill      XL: |  1  2  3 |
---------------+----------+-----
Axes           | 3 4 |  4.0
Armour         | 4 |  4.1
Fighting       | |  3.9
Shields        | |  3.4

Action                     || total
---------------------------++-------
  Melee: War axe           ||    79
 Armour: Scale mail        ||    68
  Dodge: Dodged            ||    41
  Block: Buckler           ||    15
